Map: Ruins of Endion

Players

capac - Winner!

  • Race: Terran Terran
  • League: Gold

A.I. 1 (Elite)

  • Race: Terran Terran

VOD

Have the link to the VOD?

Description

Time

  • Played on: May 10, 2016, 11:40 a.m.
  • Length: 19:46
Show
View Real Time Build Order
Export as new Build Order

capac Terran - Winner!

Build Orders:  

Get SALT Encoding   

  12  0:01  SCV  
  13  0:13  SCV  
  14  0:18  Supply Depot  
  14  0:25  SCV  
  15  0:40  SCV  
  15  0:41  Barracks  
  16  0:45  Refinery  
  16  0:52  SCV  
  17  1:04  SCV  
  18  1:16  SCV  
  19  1:28  Orbital Command  
  19  1:30  Marine  
  20  1:45  Command Center  
  20  1:53  Supply Depot  
  20  1:55  Marine  
  20  1:58  SCV  
  22  2:09  Factory  
  22  2:12  SCV  
  22  2:15  Marine  
  24  2:20  Refinery  
  24  2:24  SCV  
  25  2:36  SCV  
  26  2:37  Marine  
  27  2:48  SCV  
  28  2:57  Barracks Reactor  
  28  2:58  Factory Tech Lab  
  28  3:01  Orbital Command  
  28  3:06  Starport  
  28  3:13  Engineering Bay, SCV  
  29  3:23  Barracks  
  29  3:24  Widow Mine  
  32  3:27  SCV x2  
  33  3:39  SCV  
  33  3:40  Marine x2  
  36  3:42  SCV  
  37  3:50  Medivac  
  39  3:56  Siege Tank  
  39  3:59  SCV x2  
  39  4:01  Marine x2  
  37  4:18  Marine x2  
  36  4:28  Siege Tank  
  39  4:32  Orbital Command  
  37  4:53  Starport Reactor, Barracks  
  37  4:55  SCV  
  37  4:59  Supply Depot  
  38  5:04  Marine  
  38  5:05  Marine  
  40  5:07  SCV  
  40  5:11  SCV  
  42  5:17  Refinery  
  42  5:19  SCV  
  43  5:23  SCV  
  43  5:26  Command Center  
  44  5:32  Supply Depot, Marine x2, SCV  
  44  5:34  Barracks, Siege Tank  
  50  5:39  SCV  
  51  5:43  Barracks Tech Lab  
  51  5:44  SCV  
  51  5:46  Barracks  
  52  5:52  Medivac  
  52  5:53  Medivac  
  52  5:55  Refinery  
  56  5:57  Supply Depot  
  56  6:01  Marine x2  
  58  6:04  Stimpack  
  58  6:12  Siege Tank  
  58  6:15  SCV  
  62  6:19  Marine, SCV  
  64  6:27  SCV  
  64  6:29  Medivac  
  64  6:30  Barracks Reactor, Medivac  
  64  6:31  SCV  
  64  6:32  Barracks  
  70  6:36  Terran Infantry Weapons Level 1, Supply Depot  
  70  6:38  Marine  
  71  6:40  Barracks Reactor  
  71  6:43  SCV  
  72  6:54  Missile Turret  
  72  6:57  Marine x3  
  72  6:59  Supply Depot  
  75  7:19  Marine x3  
  75  7:20  Marine x3  
  75  7:21  SCV x2  
  83  7:22  Barracks Reactor  
  83  7:24  Barracks  
  83  7:28  Supply Depot  
  83  7:30  Factory  
  83  7:33  SCV x2  
  83  7:36  Medivac x2  
  89  7:53  Supply Depot, Starport  
  89  7:54  Siege Tank  
  89  7:58  Marine x5  
  94  7:59  Marine  
  94  8:04  SCV x2  
  100  8:10  Orbital Command  
  100  8:14  Factory Tech Lab  
  100  8:27  Supply Depot  
  100  8:29  Supply Depot  
  100  8:34  Marine x2  
  100  8:35  Marine x4  
  100  8:36  Marauder  
  108  8:48  SCV x3  
  111  8:50  Starport Reactor  
  111  8:52  Marine x6  
  111  8:53  Missile Turret  
  111  8:54  Barracks Reactor  
  117  9:02  Medivac x2  
  113  9:14  SCV x2  
  115  9:18  Marine x6  
  115  9:20  Marine  
  115  9:21  Marauder, Marine  
  125  9:26  Siege Tank x2  
  125  9:30  SCV x2  
  133  9:34  Refinery  
  133  9:42  Medivac x2  
  133  9:44  Supply Depot  
  137  9:46  Supply Depot  
  137  9:49  Supply Depot, Marine x3  
  140  10:01  SCV x3  
  140  10:02  Refinery, Marine x3  
  146  10:16  Medivac  
  146  10:17  Medivac x2  
  146  10:19  Marine x2  
  154  10:26  Supply Depot  
  154  10:27  Supply Depot  
  154  10:38  Liberator  
  154  10:40  Marine  
  154  10:41  Marine x8  
  154  10:42  Marine  
  164  10:52  Siege Tank  
  164  10:53  Siege Tank  
  173  11:06  Liberator x2  
  173  11:15  Missile Turret  
  182  11:39  Supply Depot  
  182  11:42  Missile Turret  
  182  11:54  Supply Depot, Liberator  
  182  11:55  Liberator x3  
  182  12:00  Command Center  
  182  12:01  Command Center  
  159  12:50  Marine x6, Liberator  
  159  12:51  Marine x2, Liberator x3  
  165  12:52  Marine x2  
  169  13:00  Siege Tank x2  
  175  13:09  Marine x3  
  175  13:10  Marine x3  
  175  13:11  Marine x5  
  198  13:26  Missile Turret  
  198  14:21  Planetary Fortress  
  141  15:07  Marine  
  141  15:08  Marine x10  
  146  15:25  Marine  
  146  15:26  Marine x9  
  146  15:27  Siege Tank x2  
  162  15:28  Marine  
  162  15:32  Liberator x4  
  172  15:59  Siege Tank  
  174  16:14  Liberator  
  174  16:15  Liberator  
  169  16:49  Marine  
  169  16:50  Marine x10  
  177  17:07  Marine x5  
  177  17:08  Marine x6  
Show
View Real Time Build Order
Export as new Build Order

A.I. 1 (Elite) Terran 

Build Orders: MMM Bio 

Get SALT Encoding   

  12  0:00  SCV  
  13  0:13  SCV  
  14  0:19  Supply Depot  
  14  0:25  SCV  
  15  0:41  SCV  
  16  0:43  Barracks  
  16  0:45  Refinery  
  16  0:53  SCV  
  17  1:02  Barracks  
  17  1:05  SCV  
  18  1:17  SCV  
  19  1:30  Marine  
  19  1:32  Orbital Command  
  20  1:39  Barracks  
  20  1:48  Marine  
  20  1:49  Marine  
  22  1:57  Supply Depot  
  22  2:00  SCV  
  23  2:06  Barracks Tech Lab  
  23  2:07  Barracks Tech Lab  
  23  2:19  SCV  
  24  2:24  Marine  
  24  2:25  Marine x2  
  24  2:26  Stimpack  
  24  2:29  Concussive Shells  
  27  2:37  Supply Depot  
  27  2:42  Marine  
  27  2:43  Marine x2  
  30  2:45  SCV  
  31  3:00  Marauder  
  31  3:01  Marauder, Marine  
  31  3:05  Supply Depot  
  36  3:18  Marine  
  37  3:20  SCV, Combat Shields  
  37  3:21  Marine  
  37  3:26  Supply Depot, Marine  
  40  3:36  Marine  
  40  3:40  Marauder  
  43  3:44  Marauder  
  43  3:47  Refinery  
  47  4:03  Marauder  
  47  4:06  Marauder  
  47  4:08  Supply Depot  
  49  4:24  Marauder  
  49  4:27  Command Center  
  49  4:29  SCV  
  50  4:37  Marauder  
  49  4:41  Marine, SCV  
  49  4:45  Marine  
  48  4:53  SCV  
  48  4:58  Marine  
  48  4:59  Marauder  
  52  5:03  Marine  
  53  5:09  Factory  
  53  5:15  Engineering Bay  
  53  5:16  Marine  
  54  5:34  Engineering Bay  
  54  5:35  Barracks Reactor  
  54  5:36  Marine  
  54  5:39  Marine  
  54  5:41  Terran Infantry Weapons Level 1  
  54  5:42  SCV  
  57  5:47  SCV  
  58  5:54  SCV  
  59  5:59  SCV  
  59  6:00  Terran Infantry Armor Level 1  
  60  6:06  SCV  
  61  6:11  SCV  
  62  6:18  Marine, SCV  
  62  6:19  Marauder  
  62  6:23  Starport  
  62  6:24  SCV  
  67  6:27  Marauder  
  67  6:30  SCV  
  70  6:37  Command Center  
  70  6:47  Supply Depot  
  70  6:48  SCV  
  70  6:49  SCV  
  70  6:53  Marine  
  73  6:57  Marauder  
  73  7:00  SCV  
  76  7:01  Medivac  
  78  7:09  Supply Depot, SCV  
  78  7:11  Marauder  
  78  7:12  SCV  
  82  7:21  SCV  
  83  7:24  Missile Turret  
  83  7:28  Missile Turret  
  83  7:31  Medivac  
  83  7:35  Barracks, Orbital Command  
  85  7:37  Supply Depot  
  85  7:43  Marine  
  86  7:44  Marine  
  86  7:47  Marine  
  86  7:49  Marine  
  89  7:51  SCV  
  89  7:53  SCV  
  91  8:02  Starport Reactor  
  91  8:03  SCV  
  92  8:09  Armory  
  92  8:10  SCV  
  92  8:12  SCV  
  94  8:15  SCV  
  95  8:23  SCV  
  95  8:25  SCV, Missile Turret  
  97  8:27  SCV  
  97  8:31  Missile Turret  
  98  8:35  SCV  
  98  8:38  Viking, Orbital Command, Medivac  
  98  8:40  SCV  
  104  8:44  Supply Depot  
  104  8:47  SCV  
  105  8:52  SCV  
  105  8:54  Refinery  
  106  8:56  Marauder  
  106  8:57  Terran Infantry Weapons Level 2  
  106  8:59  Marauder, SCV  
  111  9:04  SCV  
  111  9:05  SCV  
  111  9:07  Marine x2  
  111  9:08  Viking, Marine, Medivac  
  102  9:11  SCV  
  102  9:16  SCV  
  102  9:17  Marine, SCV  
  102  9:20  Marine  
  102  9:21  Factory Tech Lab  
  102  9:23  SCV  
  106  9:25  Marine x3  
  106  9:29  Supply Depot  
  109  9:32  Refinery  
  109  9:34  Refinery  
  109  9:39  Siege Tank  
  109  9:41  Refinery  
  112  9:55  SCV x2, Command Center  
  112  9:56  SCV  
  112  9:57  Supply Depot  
  115  10:05  Liberator  
  115  10:07  SCV  
  115  10:08  SCV x2  
  115  10:12  Siege Tank  
  121  10:15  Liberator  
  121  10:19  SCV  
  121  10:20  SCV  
  123  10:22  Supply Depot  
  129  10:39  Missile Turret  
  129  10:43  Marine  
  129  10:44  Siege Tank  
  129  10:45  Supply Depot  
  129  10:48  Liberator  
  133  10:51  Factory  
  133  10:58  Liberator  
  133  11:01  Missile Turret  
  133  11:08  Supply Depot, Infernal Pre-Igniter, SCV  
  137  11:16  Siege Tank  
  143  11:21  Refinery  
  143  11:22  Missile Turret  
  143  11:24  Terran Infantry Weapons Level 3, Missile Turret  
  143  11:28  Refinery, Command Center  
  143  11:33  Planetary Fortress  
  143  11:34  Hellion  
  143  11:37  Missile Turret  
  145  11:40  Missile Turret  
  145  11:42  Missile Turret  
  145  11:45  Missile Turret  
  145  11:48  Hellion  
  145  11:49  Missile Turret  
  145  11:50  Terran Vehicle Weapons Level 1  
  145  11:53  Missile Turret  
  147  11:55  Hellion  
  147  11:57  Missile Turret  
  149  12:02  Missile Turret  
  149  12:05  Armory  
  149  12:08  Liberator  
  149  12:09  Siege Tank  
  149  12:10  Factory  
  152  12:16  Supply Depot  
  152  12:17  Factory Tech Lab  
  152  12:19  Marine  
  153  12:26  Missile Turret  
  138  12:30  Marine x2  
  138  12:31  Marine  
  138  12:33  Marine  
  138  12:36  Siege Tank  
  115  12:37  Marine  
  115  12:38  Viking  
  115  12:41  Widow Mine  
  96  12:48  Marine x2  
  96  12:49  Marine  
  99  12:51  Marine, Terran Vehicle And Ship Armor Level 1  
  99  12:54  Hellion  
  99  12:55  Marine  
  103  13:00  Refinery  
  103  13:01  Refinery  
  103  13:06  Marine x3  
  103  13:08  Viking x2, Siege Tank  
  103  13:09  Marine  
  103  13:10  Hellion  
  116  13:13  Marine  
  116  13:15  Hellion  
  119  13:21  Liberator  
  119  13:23  Marine  
  119  13:24  Marine x2  
  122  13:27  Marauder  
  122  13:31  Marine  
  122  13:32  Hellion  
  127  13:35  Terran Infantry Armor Level 2  
  127  13:36  Planetary Fortress  
  127  13:37  Hellion  
  127  13:38  Viking, Missile Turret  
  127  13:40  Siege Tank  
  137  13:42  Missile Turret  
  137  13:43  Marauder  
  139  13:53  Marauder, Siege Tank  
  139  13:54  Missile Turret  
  144  13:58  Hellion  
  146  14:04  Marauder  
  146  14:08  Viking  
  150  14:12  Siege Tank  
  153  14:21  Viking  
  155  14:25  Siege Tank  
  158  14:31  Terran Vehicle Weapons Level 2  
  158  14:34  Liberator  
  124  14:38  Viking  
  158  14:39  Command Center  
  158  14:44  Siege Tank  
  165  14:47  Marine  
  165  14:48  Marine x3  
  165  14:49  Marine  
  111  14:54  SCV  
  111  14:57  Siege Tank, SCV x3  
  95  15:01  SCV  
  95  15:05  Marine x2  
  95  15:06  Marine x2, SCV  
  95  15:07  Marine  
  88  15:08  Viking  
  88  15:09  SCV x2  
  88  15:11  SCV  
  88  15:13  SCV  
  90  15:16  Siege Tank  
  90  15:18  SCV  
  90  15:21  SCV  
  92  15:23  Marine, SCV  
  92  15:26  SCV  
  76  15:29  Cyclone  
  76  15:31  SCV  
  76  15:33  SCV  
  76  15:34  Viking  
  76  15:35  SCV  
  82  15:38  Viking, SCV  
  82  15:40  Marine x2  
  82  15:41  Marine  
  88  15:43  Marine, SCV  
  88  15:46  SCV  
  88  15:47  SCV  
  88  15:48  Siege Tank  
  95  15:53  SCV  
  95  15:56  SCV  
  95  15:57  Command Center  
  89  15:58  Marine  
  89  15:59  Marine x3, SCV  
  89  16:01  Hellion  
  89  16:02  SCV  
  89  16:03  Viking, SCV  
  78  16:06  SCV  
  78  16:08  Viking, SCV  
  78  16:09  Marine  
  66  16:11  SCV  
  66  16:14  SCV  
  66  16:15  Marine  
  66  16:17  Marine x3  
  66  16:18  SCV  
  70  16:20  SCV  
  70  16:21  Hellion  
  70  16:22  Siege Tank  
  70  16:23  SCV  
  77  16:26  SCV  
  57  16:33  Viking  
  50  16:46  Marine x2  
  38  16:55  Siege Tank  
  38  17:00  Marine x2  
  39  17:04  Marine  
  29  17:26  SCV  
  25  17:39  Marine, SCV  
  25  17:40  SCV  
  24  17:48  SCV x2  
  20  18:20  SCV  
  20  18:29  SCV  
  20  18:32  SCV  
  20  18:41  SCV  
  20  18:44  SCV  
  21  18:53  SCV  
  22  19:05  SCV  
Tags
 
Composition
MMM Bio
League
Gold
Matchup
TvT
Race
Terran
Add a new tag
Caveats
  • Supply blocks, unpowered buildings, or Contaminate may cause inaccurate times.
  • Supply counts are checked every 10 seconds.